 Dungeon Crawl Stone Soup version 0.27-a0-1347-gd8886f0a89 (webtiles) character file.

Game seed: 9750289312637618277

23 Brandom the Sneak (level 3, 0/29 HPs)
             Began as a Human Delver on June 27, 2021.
             Succumbed to an adder's poison
             ... on level 2 of the Dungeon.
             The game lasted 00:04:46 (1230 turns).

Brandom the Sneak (Human Delver)                    Turns: 1230, Time: 00:04:47

Health: 0/29       AC:  3    Str: 13    XL:     3   Next: 12%
Magic:  3/3        EV: 12    Int: 10    God:
Gold:   51         SH:  0    Dex: 14    Spells: 2/2 levels left

rFire    . . .     SeeInvis .   a - +0 mace
rCold    . . .     Faith    .   (no shield)
rNeg     . . .     Spirit   .   b - +0 leather armour
rPois    .         Reflect  .   (no helmet)
rElec    .         Harm     .   (no cloak)
rCorr    .         Rampage  .   (no gloves)
Will     .....                  (no boots)
Stlth    +++.......             (no amulet)
HPRegen  0.09/turn              (no ring)
MPRegen  0.08/turn              (no ring)

@: lethally poisoned (0 -> -9)
A: no striking features
a: no special abilities


You were on level 2 of the Dungeon.
You visited 1 branch of the dungeon, and saw 4 of its levels.

You collected 51 gold pieces.

Inventory:

Hand Weapons
 a - a +0 mace (weapon)
Armour
 b - a +0 leather armour (worn)
Wands
 v - a wand of digging (3)
Scrolls
 d - 2 scrolls of magic mapping
 e - a scroll of fear
 g - a scroll of holy word {unknown}


   Skills:
 * Level 3.4 Fighting
 * Level 2.4 Maces & Flails
 + Level 0.8 Armour
 + Level 2.2 Dodging
 - Level 5.0 Stealth


You had 2 spell levels left.
You didn't know any spells.
Your spell library contained the following spells:

 Spells                   Type           Power      Damage    Failure   Level
 Confusing Touch          Hex            0%         N/A       82%         3
 Gell's Gravitas          Tloc           0%         N/A       82%         3
 Petrify                  Tmut/Erth      0%         N/A       99%         4
 Metabolic Englaciation   Hex/Ice        0%         N/A       100%        5
 Yara's Violent Unravell  Hex/Tmut       0%         3d3       100%        5


Dungeon Overview and Level Annotations

Branches:
Dungeon (5/15)
 Temple: D:4-7

Altars:
Uskayaw


Message History

You kill the kobold!
An adder comes into view.
The frilled lizard bites you.
You completely miss the frilled lizard. The frilled lizard bites you.
You hit the frilled lizard.
You kill the frilled lizard!
The adder barely misses you.
Found an escape hatch in the ceiling.
You see here a frilled lizard corpse.
You miss the adder. The adder closely misses you.
You closely miss the adder. The adder bites you but does no damage.
The adder bites you.
You closely miss the adder. The adder bites you but does no damage.
You miss the adder. The adder barely misses you.
The adder bites you but does no damage.
You completely miss the adder. The adder closely misses you.
The adder bites you.
You closely miss the adder. The adder misses you.
You miss the adder. The adder bites you.
* * * LOW HITPOINT WARNING * * *
The adder bites you but does no damage.
It was a potion of curing.
You feel better. The adder closely misses you.
You completely miss the adder. The adder bites you.
You are poisoned.
The adder poisons you! The adder closely misses you.
Unknown command.
You closely miss the adder.
You feel very sick. The adder barely misses you.
The adder completely misses you.
Unknown command.
You closely miss the adder.
You feel sick. The adder closely misses you.
Unknown command.
You barely miss the adder.
You feel sick. The adder bites you.
* * * LOW HITPOINT WARNING * * *
You are more poisoned.
The adder poisons you! The adder barely misses you.
You miss the adder.
* * * LOW HITPOINT WARNING * * *
You feel very sick. The adder bites you but does no damage.
The adder closely misses you.
You barely miss the adder.
You feel sick. The adder bites you.
* * * LOW HITPOINT WARNING * * *
You closely miss the adder.
* * * LOW HITPOINT WARNING * * *
You feel sick. The adder bites you but does no damage. The adder bites you.
* * * LOW HITPOINT WARNING * * *
You are more poisoned.
The adder poisons you!
You hit the adder.
You die...

.......#################..#.###
.......>).........†......)......
......).#######...........#.##..
........#######.######....# #
........#.........##.....##
........#.........##.#.#.##.
#######.....................
###.........##.#.#####
......)@.##...# .......S.######
.........# >........# .........#
..(....... ..#####... <. #....


You could see an adder.

Vanquished Creatures
  2 ufetubi (D:4)
  A goblin (D:2)
  A hobgoblin (D:4)
  7 kobolds
  2 ball pythons (D:2)
  A frilled lizard (D:2)
14 creatures vanquished.

Notes
Turn   | Place    | Note
-------+----------+-------------------------------------------
     0 | D:5      | Brandom the Human Delver began the quest for the Orb.
     0 | D:5      | Reached XP level 1. HP: 18/18 MP: 1/1
    14 | D:5      | Noticed a water moccasin
    26 | D:4      | Found a hide-covered altar of Uskayaw.
   291 | D:4      | Reached XP level 2. HP: 16/24 MP: 2/2
  1175 | D:2      | Reached XP level 3. HP: 29/29 MP: 3/3
  1230 | D:2      | Succumbed to an adder's poison

Illustrated notes

Levels and vault maps discovered:
D:2:      layout_basic, minmay_misc_feat_plants, uniq_robin,
          uniq_crazy_yiuf_cottage, uniq_natasha
D:3:      minmay_general_purpose_star, layout_basic, grunt_dithmenos_smoke,
          kennysheep_pointless_box, wad_orctagon
D:4:      layout_layer_cave, general_overflow_altar
D:5:      lemuel_ratsnest, layout_rooms, nzn_wu_jian_contemplation,
          kennysheep_mini_moat, lemuel_temple_firewalk_b, uniq_sigmund

Action                   || total
-------------------------++-------
Melee: Mace              ||    62
  Use: Potion            ||     2
       Scroll            ||     1
 Stab: Sleeping          ||     2
Armor: Leather armour    ||    25
Dodge: Dodged            ||    57

Table legend: (Time is in decaauts)
 A = Elapsed time spent in this place.
 B = Non-inter-level travel time spent in this place.
 C = Inter-level travel time spent in this place.
 D = Time resting spent in this place.
 E = Time spent auto-exploring this place.
 F = Levels seen in this place.
 G = Mean time per level.
                   A        B        C        D        E       F      G
               +--------+--------+--------+--------+--------+-----+--------+
         Total |   1227 |   1227 |      0 |    330 |    488 |   4 |  306.8 |
       Dungeon |   1227 |   1227 |      0 |    330 |    488 |   4 |  306.8 |
               +--------+--------+--------+--------+--------+-----+--------+

Top non-repeatable levels by time:
     D:4: 655 daAuts
     D:2: 349 daAuts
     D:3: 200 daAuts
     D:5: 23 daAuts
